 Dungeon Sprint DCSS version 0.19-a0-1341-g3513869 (webtiles) character file.

8108 lost the Blocker (level 11, -21/92 HPs)
             Began as a Demonspawn Fighter on Sept 1, 2016.
             Was the Champion of Qazlal.
             Blown up by an eye of devastation (34 damage)
             ... with a bolt of energy
             ... in the Dungeon (Sprint V: "Ziggurat Sprint").
             The game lasted 00:03:03 (218 turns).

lost the Blocker (Demonspawn Fighter)                Turns: 218, Time: 00:03:04

Health: -21/92     AC: 24    Str: 24    XL:     11   Next: 5%
Magic:  14/17      EV:  7    Int: 10    God:    Qazlal [******]
Gold:   0          SH:  0    Dex: 30    Spells: 0 memorised, 12 levels left

rFire  + . .     SeeInvis .     J - +6 shillelagh "Devastator" {shatter}
rCold  + . .     Gourm    .     K - +5 gold dragon armour
rNeg   + . .     Faith    .     I - +18 shield of the Gong {rElec rN+ MR+ EV-5}
rPois  +         Spirit   .     (no helmet)
rElec  +         Dismiss  .     (no cloak)
rCorr  .         Reflect  .     R - +0 pair of gloves {archery}
MR     +....     Harm     .     (no boots)
Stlth  .......... NoTele   +    (no amulet)
                                y - +6 ring of dexterity
                                z - +6 ring of dexterity

@: confused, mighty, agile, studying Summonings, repel missiles
A: hooves 1, blurry vision 2, low mp 1, powered by pain 1, slow regeneration 1,
rot immunity, sturdy frame 2
a: Upheaval, Elemental Force, Disaster Area, Renounce Religion


You were in the Dungeon.
You worshipped Qazlal.
Qazlal was exalted by your worship.
You were not hungry.

You visited 1 branch

Inventory:

Hand Weapons
 a - a +0 flail
 J - the +6 shillelagh "Devastator" (weapon) {shatter}
   (You found it in the Dungeon)
 M - the +7 sceptre of Torment
   (You found it in the Dungeon)
Armour
 b - a +0 scale mail
 c - a +0 shield
 I - the +18 shield of the Gong (worn) {rElec rN+ MR+ EV-5}
   (You found it in the Dungeon)

   It affects your evasion (-5).
   It insulates you from electricity.
   It protects you from negative energy.
   It affects your resistance to hostile enchantments.
 K - a +5 gold dragon armour (worn)
 R - a +0 pair of gloves of archery (worn)
Jewellery
 u - the ring of Louxeuqo {+Blink rC+ rN+ Str+2 Dex+5}
   (You found it in the Dungeon)

   [ring of positive energy]

   It affects your strength (+2).
   It affects your dexterity (+5).
   It protects you from cold.
   It protects you from negative energy.
   It lets you blink.
 y - a +6 ring of dexterity (right hand)
 z - a +6 ring of dexterity (left hand)
 A - a +6 ring of intelligence
 B - a +6 ring of intelligence
 C - a +6 ring of strength
 D - a +6 ring of strength
 O - an uncursed ring of protection from cold
Wands
 E - a wand of disintegration (7/24)
 F - a wand of iceblast (5/15)
 G - a wand of lightning (5/15)
 H - a wand of acid (5/15)
Scrolls
 k - 4 scrolls of blinking
 l - 4 scrolls of amnesia
 m - 3 scrolls of recharging
 n - 7 scrolls of fog
 o - 5 scrolls of identify
 p - 5 scrolls of remove curse
 q - 2 scrolls of fear
 L - a scroll of brand weapon
Potions
 d - 5 potions of might
 e - 9 potions of curing
 g - 10 potions of heal wounds
 h - 6 potions of haste
 i - 7 potions of magic
 j - 3 potions of berserk rage
 r - 2 potions of brilliance
 s - 2 potions of invisibility
 t - 4 potions of resistance
 v - 5 potions of agility
Books
 Q - a manual of Summonings
Miscellaneous
 N - a fan of gales
 P - a phantom mirror
 S - a sack of spiders
Comestibles
 f - 5 bread rations
 w - 42 fruits
 x - 4 meat rations


   Skills:
 + Level 10.8 Fighting
 * Level 9.2(9.3) Maces & Flails
 + Level 1.2(5.9) Staves
 + Level 10.6 Armour
 + Level 1.3 Dodging
 + Level 12.4 Shields
 + Level 1.2 Spellcasting
 + Level 2.3 Summonings
 * Level 11.6 Invocations


You had 12 spell levels left.
You didn't know any spells.

Dungeon Overview and Level Annotations

Branches:
Dungeon (1/1)

Altars:
Ashenzari
Cheibriados
Dithmenos
Elyvilon
Fedhas
Gozag
Hepliaklqana
Kikubaaqudgha
Makhleb
Nemelex Xobeh
Okawaru
Qazlal
Ru
Sif Muna
Trog
Uskayaw
Vehumet
Xom
Yredelemnul
Zin
The Shining One
Beogh
Jiyva
Lugonu


Innate Abilities, Weirdness & Mutations

You have large cloven feet.
You sometimes gain a little power by taking damage.
You are immune to rotting.
Your movements are less encumbered by armour. (ER -4)
Scrolls take you longer to read.
Your magical capacity is low. (-10% MP)
You regenerate slowly when monsters are visible.


Message History

The eye of devastation is heavily wounded.
The golden eye blinks at you.
You are more confused.
The eye of devastation is engulfed in freezing vapours.
The eye of devastation gazes at you. The bolt of energy hits you!
* * * LOW HITPOINT WARNING * * *
You focus on the pain.
You feel your power returning.
You sock the eye of devastation!
The eyes of devastation and the golden eye shudder.
The eye of devastation is almost dead.
The eye of devastation is severely wounded.
The golden eye is moderately wounded.
The eye of devastation is lightly wounded.
Your kick misses the eye of devastation.
The eye of devastation is almost dead.
The eye of devastation is engulfed in freezing vapours. x2
The eye of devastation gazes at you. The bolt of energy hits you!
You die...

▓...(....▓........▓
▓▓▓▓▓▓▓▓▓▓▓▓▓▓▓▓▓▓▓
▓...8©8...▓..8©8..▓
▓..}})[...▓....:..▓
▓...:|:...▓...}:..▓
▓.........▓.......▓
▓..§§§....▓.......▓
▓...GGG...▓.......▓
▓..§G@§...▓.......▓
▓.▓..§..▓.▓.▓...▓.▓
▓....§....▓.......▓
▓▓▓▓▓▓▓▓▓▓▓▓▓▓▓▓▓▓▓
▓..8©8..▓ ▓...::..▓
▓..):)..▓ ▓.......▓
▓.......▓


You could see 3 eyes of devastation and a golden eye.

Vanquished Creatures
  A mummy priest (D)
  A death scarab (D)
  A shining eye (D)
  An orange demon (D)
  An eye of devastation (D)
  2 yaktaurs (D)
  2 flying skulls (D)
  A slime creature (D)
  A golden eye (D)
  A naga (D)
  A water moccasin (D)
  A porcupine (D)
  An eye of draining (D)
  2 centaurs (D)
  A wolf (D)
  2 quasits (D)
  2 jellies (D)
  2 mummies (D)
  A river rat (D)
  2 shadow imps (D)
  2 oozes (D)
  A bat zombie (D)
  A ball python zombie (D)
  2 jackal zombies (D)
33 creatures vanquished.

Vanquished Creatures (others)
  A spatial maelstrom (D)
1 creature vanquished.

Grand Total: 34 creatures vanquished

Notes
Turn   | Place    | Note
-------+----------+-------------------------------------------
     0 | D        | lost the Demonspawn Fighter began the quest for the Orb.
     0 | D        | Reached XP level 1. HP: 18/18 MP: 1/1
     4 | D        | Found a blossoming altar of Fedhas.
     5 | D        | Found a viscous altar of Jiyva.
     5 | D        | Found an ancient bone altar of Kikubaaqudgha.
     5 | D        | Found a hazy altar of Hepliaklqana.
     5 | D        | Found a corrupted altar of Lugonu.
     5 | D        | Found an opulent altar of Gozag.
     5 | D        | Found a burning altar of Makhleb.
     6 | D        | Found a sacrificial altar of Ru.
     6 | D        | Found a deep blue altar of Sif Muna.
     6 | D        | Found a stormy altar of Qazlal.
     6 | D        | Found a bloodstained altar of Trog.
     6 | D        | Found an iron altar of Okawaru.
     6 | D        | Found a sparkling altar of Nemelex Xobeh.
    40 | D        | Banished a spatial maelstrom
    75 | D        | Became a worshipper of Qazlal Stormbringer
    82 | D        | Entered arena 1.
    82 | D        | Noticed a naga
    82 | D        | Noticed a water moccasin
    86 | D        | Killed a water moccasin
    86 | D        | Reached skill level 5 in Fighting
    86 | D        | Reached skill level 5 in Armour
    86 | D        | Reached skill level 5 in Shields
    86 | D        | Gained mutation: You have large cloven feet. [demonic ancestry]
    86 | D        | Reached XP level 2. HP: 27/27 MP: 2/2
    86 | D        | Reached XP level 3. HP: 33/33 MP: 3/3
    86 | D        | Reached XP level 4. HP: 39/39 MP: 4/4
    87 | D        | Killed a naga
    87 | D        | Reached skill level 6 in Shields
    87 | D        | Gained mutation: Your movements are slightly less encumbered by armour. (ER -2) [demonic ancestry]
    87 | D        | Reached XP level 5. HP: 47/47 MP: 5/5
    95 | D        | Entered arena 2.
    95 | D        | Noticed a porcupine
    95 | D        | Noticed a wolf
    97 | D        | Killed a wolf
    97 | D        | Reached * piety under Qazlal
    97 | D        | Reached skill level 7 in Shields
    97 | D        | Reached XP level 6. HP: 55/55 MP: 5/7
    98 | D        | Killed a porcupine
   103 | D        | Entered arena 3.
   103 | D        | Noticed an orange demon
   107 | D        | Killed an orange demon
   107 | D        | Reached ** piety under Qazlal
   107 | D        | Reached skill level 5 in Maces & Flails
   107 | D        | Reached skill level 8 in Shields
   107 | D        | Reached skill level 5 in Invocations
   107 | D        | Gained mutation: You are immune to rotting. [demonic ancestry]
   107 | D        | Reached XP level 7. HP: 58/63 MP: 6/11
   109 | D        | Reached *** piety under Qazlal
   120 | D        | Entered arena 4.
   120 | D        | Noticed a yaktaur
   120 | D        | Noticed a yaktaur
   124 | D        | Killed a yaktaur
   124 | D        | Reached skill level 9 in Shields
   124 | D        | Reached XP level 8. HP: 69/71 MP: 8/13
   127 | D        | Killed a yaktaur
   130 | D        | Entered arena 5.
   132 | D        | Reached **** piety under Qazlal
   141 | D        | Entered arena 6.
   141 | D        | Noticed a death scarab
   141 | D        | Noticed a flying skull
   141 | D        | Noticed a mummy priest
   141 | D        | Noticed a flying skull
   145 | D        | Killed a flying skull
   145 | D        | Reached skill level 10 in Shields
   145 | D        | Killed a death scarab
   145 | D        | Reached ***** piety under Qazlal
   145 | D        | Reached XP level 9. HP: 78/78 MP: 11/16
   147 | D        | Noticed a freezing wraith
   150 | D        | Noticed a jiangshi
   151 | D        | Reached skill level 10 in Fighting
   151 | D        | Reached skill level 10 in Armour
   152 | D        | Killed a mummy priest
   152 | D        | Reached skill level 11 in Shields
   152 | D        | Reached skill level 10 in Invocations
   172 | D        | Entered arena 7.
   172 | D        | Noticed a shining eye
   174 | D        | Gained mutation: Scrolls take you a little longer to read. [a shining eye]
   179 | D        | Gained mutation: You regenerate slowly when monsters are visible. [a shining eye]
   180 | D        | Gained mutation: Scrolls take you longer to read. [a shining eye]
   183 | D        | Gained mutation: Your magical capacity is low. (-10% MP) [a shining eye]
   186 | D        | Killed a shining eye
   186 | D        | Reached skill level 12 in Shields
   188 | D        | Reached ****** piety under Qazlal
   196 | D        | Gained mutation: You sometimes gain a little power by taking damage. [demonic ancestry]
   196 | D        | Reached XP level 10. HP: 59/86 MP: 0/16
   197 | D        | Reached skill level 1 in Staves
   197 | D        | Reached skill level 1 in Dodging
   197 | D        | Reached skill level 1 in Spellcasting
   197 | D        | Gained mutation: Your movements are less encumbered by armour. (ER -4) [demonic ancestry]
   197 | D        | Reached XP level 11. HP: 63/92 MP: 0/17
   207 | D        | Got the ring of Louxeuqo {+Blink rC+ rN+ Str+2 Dex+5}
   209 | D        | Entered arena 8.
   218 | D        | Blown up by an eye of devastation

Vault maps used:
D:        sprint_v

Skill      XL: |  1  2  3  4  5  6  7  8  9 10 |
---------------+-------------------------------+-----
Fighting       | 5 6 7 8 9 10 | 10.8
Maces & Flails | 2 3 5 6 7 8 9 |  9.2
Armour         | 5 6 7 8 9 10 | 10.6
Shields        | 5 6 7 8 9 10 12 | 12.4
Invocations    | 2 5 7 9 11 | 11.6
Staves         | 1 |  1.2
Dodging        | 1 |  1.3
Spellcasting   | 1 |  1.2
Summonings     | 2 |  2.3

Action                   |  1- 3 |  4- 6 |  7- 9 | 10-12 || total
-------------------------+-------+-------+-------+-------++-------
Melee: Shillelagh        |     3 |     5 |    28 |     7 ||    43
       Kick              |       |       |    14 |     4 ||    18
  Use: Potion            |     1 |       |     1 |     1 ||     3
Armor: Gold dragon armou |       |     8 |    12 |       ||    20
Dodge: Dodged            |       |       |       |     1 ||     1
Block: Shield            |     6 |    14 |    47 |       ||    67
